NYP
MAHONING VALLEY SCRAPPERS @ SPOKANE INDIANS
06/10/2049
 
TOP OF THE 1ST
Mahoning Valley Scrappers batting - Pitching for Spokane Indians : RHP Mario Vizcaya
Pitching: RHP Mario Vizcaya
Batting: RHB Chris Folse 0-0: Ball
1-0: Swinging Strike
1-1: Swinging Strike
1-2: Strikes out swinging
Batting: LHB Ben Rubenacker 0-0: Reached on error, E5 (Groundball, 56, EV 76.9 MPH)
Batting: LHB Matt Steinke 0-0: Fly out, F8 (Flyball, 78S, EV 87.5 MPH)
Batting: LHB Dave Key 0-0: Swinging Strike
0-1: Swinging Strike
0-2: Ball
1-2: Ball
Ben Rubenacker steals 2nd base
2-2: Foul Ball, location: 2F
2-2: Foul Ball, location: 2F
2-2: Strikes out swinging
Top of the 1st over - 0 runs, 0 hits, 1 error, 1 left on base; Mahoning Valley 0 - Spokane 0
BOTTOM OF THE 1ST
Spokane Indians batting - Pitching for Mahoning Valley Scrappers : RHP Mike Staley
Pitching: RHP Mike Staley
Batting: LHB Brian Gray 0-0: Ground out 4-3 (Groundball, 13, EV 82.5 MPH)
Batting: RHB Rich Thurman 0-0: Foul Ball, location: 2F
0-1: Fly out, F6 (Line Drive, 6, EV 73.1 MPH)
Batting: LHB Yasahiko Teshima 0-0: Ball
1-0: Foul Ball, location: 2F
1-1: Swinging Strike
1-2: Ball
2-2: Ball
3-2: Ground out 6-3 (Groundball, P, EV 89.4 MPH)
Bottom of the 1st over - 0 runs, 0 hits, 0 errors, 0 left on base; Mahoning Valley 0 - Spokane 0
TOP OF THE 2ND
Mahoning Valley Scrappers batting - Pitching for Spokane Indians : RHP Mario Vizcaya
Batting: RHB Andy Lewis 0-0: Called Strike
0-1: Ball
1-1: Foul Ball, location: 2F
1-2: Ground out 3-1 (Groundball, 34, EV 83.8 MPH)
Batting: LHB Brandon Hopper 0-0: Ball
1-0: Ball
2-0: Foul Ball, location: 2F
2-1: Called Strike
2-2: Foul Ball, location: 2F
2-2: Foul Ball, location: 2F
2-2: Ball
3-2: Foul Ball, location: 2F
3-2: Strikes out swinging
Batting: RHB Jonathan Livingston 0-0: Ball
1-0: Foul Ball, location: 2F
1-1: Swinging Strike
1-2: Strikes out swinging
Top of the 2nd over - 0 runs, 0 hits, 0 errors, 0 left on base; Mahoning Valley 0 - Spokane 0
BOTTOM OF THE 2ND
Spokane Indians batting - Pitching for Mahoning Valley Scrappers : RHP Mike Staley
Batting: RHB Dale Aubrey 0-0: Called Strike
0-1: Ball
1-1: Foul Ball, location: 2F
1-2: SOLO HOME RUN (Flyball, 78XD, EV 96.9 MPH), Distance : 385 ft
Batting: RHB Ron Corn 0-0: Ball
1-0: Foul Ball, location: 2F
1-1: Called Strike
1-2: Ground out 4-3 (Groundball, 4, EV 84.4 MPH)
Batting: RHB Victor Moya 0-0: Ball
1-0: Swinging Strike
1-1: SINGLE (Groundball, 4, EV 97.5 MPH)
Batting: RHB Mike Strey 0-0: Ball
1-0: Fielders Choice at 2nd, 5-4 (Groundball, 56S, EV 89.4 MPH)
Batting: RHB Gabe Almazan 0-0: Called Strike
0-1: Swinging Strike
0-2: Foul Ball, location: 2F
0-2: Strikes out looking
Bottom of the 2nd over - 1 run, 2 hits, 0 errors, 1 left on base; Mahoning Valley 0 - Spokane 1
TOP OF THE 3RD
Mahoning Valley Scrappers batting - Pitching for Spokane Indians : RHP Mario Vizcaya
Batting: RHB Jose Argueta 0-0: Ball
1-0: Ball
2-0: Called Strike
2-1: Foul Ball, location: 2F
2-2: Foul Ball, location: 2F
2-2: DOUBLE (Flyball, 8LXD, EV 95.0 MPH) - OUT at third base trying to stretch hit.
Batting: RHB Jason Harris 0-0: Foul Ball, location: 2F
0-1: Foul Ball, location: 2F
0-2: Strikes out looking
Batting: RHB Chris Folse 0-0: Called Strike
0-1: TRIPLE (Flyball, 8RXD, EV 93.8 MPH)
Batting: LHB Ben Rubenacker 0-0: Ball
1-0: Ball
2-0: Foul Ball, location: 2F
2-1: Fly out, F7 (Line Drive, 78M, EV 87.5 MPH)
Top of the 3rd over - 0 runs, 2 hits, 0 errors, 1 left on base; Mahoning Valley 0 - Spokane 1
BOTTOM OF THE 3RD
Spokane Indians batting - Pitching for Mahoning Valley Scrappers : RHP Mike Staley
Batting: RHB Tony Rivera 0-0: Called Strike
0-1: Ball
1-1: Ball
2-1: Called Strike
2-2: Ball
3-2: Ground out 5-3 (Groundball, 5, EV 93.1 MPH)
Batting: LHB Brian Gray 0-0: Ball
1-0: Foul Ball, location: 2F
1-1: Swinging Strike
1-2: Ball
2-2: Hit by Pitch
Batting: RHB Rich Thurman 0-0: Ball
1-0: Ball
2-0: Grounds into double play, 4-6-3 (Groundball, 4, EV 83.8 MPH)
Bottom of the 3rd over - 0 runs, 0 hits, 0 errors, 0 left on base; Mahoning Valley 0 - Spokane 1
TOP OF THE 4TH
Mahoning Valley Scrappers batting - Pitching for Spokane Indians : RHP Mario Vizcaya
Batting: LHB Matt Steinke 0-0: SINGLE (Line Drive, 9S, EV 91.2 MPH)
Batting: LHB Dave Key 0-0: Called Strike
0-1: Called Strike
0-2: Foul Ball, location: 2F
0-2: Ball
1-2: Fielders Choice at 2nd, 4-6 (Groundball, 4, EV 83.1 MPH)
Batting: RHB Andy Lewis 0-0: Called Strike
Dave Key steals 2nd base
0-1: Ball
1-1: Ball
2-1: Foul Ball, location: 2F
2-2: Strikes out swinging
Batting: LHB Brandon Hopper 0-0: Ball
1-0: Called Strike
1-1: DOUBLE (Flyball, 8LXD, EV 105.0 MPH)
Dave Key scores
Batting: RHB Jonathan Livingston 0-0: Ball
1-0: Called Strike
1-1: Foul Ball, location: 2F
1-2: Ball
2-2: Ball
3-2: Strikes out looking
Top of the 4th over - 1 run, 2 hits, 0 errors, 1 left on base; Mahoning Valley 1 - Spokane 1
BOTTOM OF THE 4TH
Spokane Indians batting - Pitching for Mahoning Valley Scrappers : RHP Mike Staley
Batting: LHB Yasahiko Teshima 0-0: Called Strike
0-1: Ball
1-1: Ground out 4-3 (Groundball, 4, EV 80.0 MPH)
Batting: RHB Dale Aubrey 0-0: Fly out, F9 (Flyball, 9, EV 83.8 MPH)
Batting: RHB Ron Corn 0-0: Called Strike
0-1: Foul Ball, location: 2F
0-2: Foul Ball, location: 2F
0-2: Fly out, F7 (Flyball, 78M, EV 76.9 MPH)
Bottom of the 4th over - 0 runs, 0 hits, 0 errors, 0 left on base; Mahoning Valley 1 - Spokane 1
TOP OF THE 5TH
Mahoning Valley Scrappers batting - Pitching for Spokane Indians : RHP Mario Vizcaya
Batting: RHB Jose Argueta 0-0: Ball
1-0: Ground out 6-3 (Groundball, 6, EV 86.9 MPH)
Batting: RHB Jason Harris 0-0: TRIPLE (Groundball, 3L, EV 95.6 MPH)
Batting: RHB Chris Folse 0-0: Ball
1-0: Called Strike
1-1: Foul Ball, location: 2F
1-2: Strikes out looking
Batting: LHB Ben Rubenacker 0-0: Ball
1-0: Foul Ball, location: 2F
1-1: Ground out U3 (Groundball, 3, EV 80.6 MPH)
Top of the 5th over - 0 runs, 1 hit, 0 errors, 1 left on base; Mahoning Valley 1 - Spokane 1
BOTTOM OF THE 5TH
Spokane Indians batting - Pitching for Mahoning Valley Scrappers : RHP Mike Staley
Batting: RHB Victor Moya 0-0: SINGLE (Groundball, 6MD, EV 96.9 MPH)
Batting: RHB Mike Strey 0-0: Ball
1-0: Called Strike
1-1: Called Strike
1-2: Foul Ball, location: 2F
1-2: Ball
2-2: Foul Ball, location: 2F
2-2: Ball
3-2: Strikes out swinging
Batting: RHB Gabe Almazan 0-0: Foul Ball, location: 2F
0-1: Ball
Victor Moya is caught stealing 2nd base 2-4
1-1: Swinging Strike
1-2: Strikes out swinging
Bottom of the 5th over - 0 runs, 1 hit, 0 errors, 0 left on base; Mahoning Valley 1 - Spokane 1
TOP OF THE 6TH
Mahoning Valley Scrappers batting - Pitching for Spokane Indians : RHP Mario Vizcaya
Batting: LHB Matt Steinke 0-0: Ground out 3-1 (Groundball, 13, EV 80.6 MPH)
Batting: LHB Dave Key 0-0: Called Strike
0-1: Ball
1-1: Ball
2-1: Ball
3-1: Called Strike
3-2: Base on Balls
Batting: RHB Andy Lewis 0-0: Called Strike
0-1: Called Strike
0-2: Ball
1-2: Strikes out looking
Batting: LHB Brandon Hopper 0-0: Called Strike
0-1: Called Strike
0-2: Ball
1-2: Strikes out swinging
Top of the 6th over - 0 runs, 0 hits, 0 errors, 1 left on base; Mahoning Valley 1 - Spokane 1
BOTTOM OF THE 6TH
Spokane Indians batting - Pitching for Mahoning Valley Scrappers : RHP Mike Staley
Batting: RHB Tony Rivera 0-0: Ball
1-0: Ball
2-0: Bunt missed!
2-1: Foul Ball, location: 2F
2-2: SINGLE (Groundball, 34D, EV 95.0 MPH)
Batting: LHB Brian Gray 0-0: Ball
Tony Rivera is caught stealing 2nd base 2-6
1-0: Ball
2-0: Swinging Strike
2-1: Ball
3-1: Foul Ball, location: 2F
3-2: Strikes out looking
Batting: RHB Rich Thurman 0-0: Swinging Strike
0-1: Foul Ball, location: 2F
0-2: Ball
1-2: Ball
2-2: SINGLE (Groundball, 6S, EV 65.6 MPH) (infield hit)
Batting: LHB Yasahiko Teshima 0-0: Called Strike
0-1: Ball
1-1: Ball
2-1: Swinging Strike
2-2: Ground out 4-3 (Groundball, 13, EV 91.2 MPH)
Bottom of the 6th over - 0 runs, 2 hits, 0 errors, 1 left on base; Mahoning Valley 1 - Spokane 1
TOP OF THE 7TH
Mahoning Valley Scrappers batting - Pitching for Spokane Indians : RHP Mario Vizcaya
Batting: RHB Jonathan Livingston 0-0: Ball
1-0: Called Strike
1-1: Ball
2-1: Foul Ball, location: 2F
2-2: Strikes out swinging
Batting: RHB Jose Argueta 0-0: Foul Ball, location: 2F
0-1: Fly out, F9 (Flyball, 9, EV 83.1 MPH)
Batting: RHB Jason Harris 0-0: Called Strike
0-1: Ball
1-1: Ball
2-1: Foul Ball, location: 2F
2-2: Foul Ball, location: 2F
2-2: Foul Ball, location: 2F
2-2: Ball
3-2: Foul Ball, location: 2F
3-2: SINGLE (Line Drive, 9S, EV 110.6 MPH)
Pitching: RHP Victor Morin
Pinch Hitting: LHB Vinny Carreno 0-0: Swinging Strike
0-1: Ball
1-1: Swinging Strike
1-2: Strikes out swinging
Top of the 7th over - 0 runs, 1 hit, 0 errors, 1 left on base; Mahoning Valley 1 - Spokane 1
BOTTOM OF THE 7TH
Spokane Indians batting - Pitching for Mahoning Valley Scrappers : RHP Mike Staley
Now in LF: Travis Burnett
Batting: RHB Dale Aubrey 0-0: Fly out, F9 (Flyball, 9, EV 96.2 MPH)
Batting: RHB Ron Corn 0-0: Called Strike
0-1: Swinging Strike
0-2: Foul Ball, location: 2F
0-2: Ball
1-2: Foul Ball, location: 2F
1-2: Strikes out looking
Batting: RHB Victor Moya 0-0: Ball
1-0: DOUBLE (Line Drive, 9LM, EV 106.2 MPH)
Batting: RHB Mike Strey 0-0: Called Strike
0-1: Ball
1-1: SINGLE (Line Drive, 78S, EV 107.5 MPH)
Victor Moya to third
Runner from 3rd tries for Home, SAFE, throw by LF to home
Batting: RHB Gabe Almazan 0-0: Ball
1-0: Called Strike
1-1: Ball
2-1: Foul Ball, location: 2F
2-2: Ball
Passed Ball!
Mike Strey to second
3-2: Base on Balls
Batting: RHB Tony Rivera 0-0: Ball
1-0: Swinging Strike
1-1: Ground out 5-3 (Groundball, 56S, EV 85.6 MPH)
Bottom of the 7th over - 1 run, 2 hits, 0 errors, 2 left on base; Mahoning Valley 1 - Spokane 2
TOP OF THE 8TH
Mahoning Valley Scrappers batting - Pitching for Spokane Indians : RHP Victor Morin
Batting: LHB Ben Rubenacker 0-0: Called Strike
0-1: Ball
1-1: Foul Ball, location: 2F
1-2: Ball
2-2: Foul Ball, location: 2F
2-2: Strikes out swinging
Batting: LHB Matt Steinke 0-0: Ball
1-0: Foul Ball, location: 2F
1-1: Ground out 4-3 (Groundball, 34, EV 104.4 MPH)
Pitching: LHP Valery Sahanov
Pinch Hitting: RHB Kevin Wiles 0-0: Ball
1-0: Ball
2-0: Swinging Strike
2-1: Ball
3-1: Swinging Strike
3-2: Fly out, F9 (Flyball, 9D, EV 94.4 MPH)
Top of the 8th over - 0 runs, 0 hits, 0 errors, 0 left on base; Mahoning Valley 1 - Spokane 2
BOTTOM OF THE 8TH
Spokane Indians batting - Pitching for Mahoning Valley Scrappers : RHP Mike Staley
Now at 3B: Reynaldo Herrera
Batting: LHB Brian Gray 0-0: Ball
1-0: Swinging Strike
1-1: Ball
2-1: Ball
3-1: Foul Ball, location: 2F
3-2: Strikes out swinging
Batting: RHB Rich Thurman 0-0: Ground out 5-3 (Groundball, 5L, EV 76.9 MPH)
Batting: LHB Yasahiko Teshima 0-0: Ball
1-0: Foul Ball, location: 2F
1-1: Foul Ball, location: 2F
1-2: Strikes out looking
Bottom of the 8th over - 0 runs, 0 hits, 0 errors, 0 left on base; Mahoning Valley 1 - Spokane 2
TOP OF THE 9TH
Mahoning Valley Scrappers batting - Pitching for Spokane Indians : LHP Valery Sahanov
Pitching: RHP Arturo Vargas
Batting: RHB Andy Lewis 0-0: Ball
1-0: Ground out 5-3 (Groundball, 5, EV 86.9 MPH)
Batting: LHB Brandon Hopper 0-0: Swinging Strike
0-1: Swinging Strike
0-2: Strikes out swinging
Pinch Hitting: LHB Kazuyoshi Nakamura 0-0: Ball
1-0: Foul Ball, location: 2F
1-1: Ball
2-1: Ball
3-1: Fly out, F8 (Flyball, 8LM, EV 91.9 MPH)
Top of the 9th over - 0 runs, 0 hits, 0 errors, 0 left on base; Mahoning Valley 1 - Spokane 2
Sunday, July 16th , 2023 - OOTP Baseball 24.6 Build 69